 Dungeon Crawl Stone Soup version 0.30.0-10-gfe55d96785 (webtiles) character file.

Game seed: 12696453789368942270

167 ProzacElf the Cudgeller (level 5, -12/38 HPs)
             Began as a Demonspawn Wanderer on May 14, 2023.
             Killed by divine providence
             ... invoked by an orc priest
              (14 damage)
             ... on level 3 of the Dungeon.
             The game lasted 00:05:56 (2428 turns).

ProzacElf the Cudgeller (Demonspawn Wanderer)       Turns: 2428, Time: 00:05:56

Health: -12/38     AC:  7    Str: 12 (13) XL:     5   Next: 23%
Magic:  6/6        EV:  9    Int:  9 (11) God:
Gold:   121        SH:  4    Dex: 15 (16) Spells: 6/6 levels left

rFire   . . .        a - +2 mace
rCold   . . .        c - +0 buckler
rNeg    + + .        q - +0 ring mail
rPois   .            (no helmet)
rElec   .            (no cloak)
rCorr   .            (no gloves)
SInv    .            y - +1 pair of boots
Will    .....        (no amulet)
Stlth   ++           j - ring of positive energy
HPRegen 0.26/turn    u - ring of positive energy
MPRegen 0.10/turn

%: no passive effects
@: no status effects
A: powered by death 1
a: no special abilities


You were on level 3 of the Dungeon.
You visited 1 branch of the dungeon, and saw 3 of its levels.

You collected 121 gold pieces.

Inventory:

Hand Weapons
 a - a +2 mace (weapon)
 b - the +2 whip "Alodus" {freeze, *Corrode rC+ Int+3}
   (You found it on level 2 of the Dungeon)

   Int:       It affects your intelligence (+3).
   rC:        It protects you from cold.
   *Corrode:  It may corrode you when you take damage.
Missiles
 f - 22 poisoned darts (quivered)
 o - 3 boomerangs
 p - 3 atropa-tipped darts
Armour
 c - a +0 buckler (worn)
 e - a +0 robe
 g - a +0 leather armour
 q - a +0 ring mail (worn)
 y - a +1 pair of boots (worn)
Jewellery
 j - a ring of positive energy (left hand)
 u - a ring of positive energy (right hand)
Scrolls
 h - 2 scrolls of enchant weapon {unknown}
 i - a scroll of amnesia {unknown}
 k - a scroll of vulnerability {unknown}
 l - 2 scrolls of teleportation {unknown}
 n - a scroll of brand weapon {unknown}
 r - 3 scrolls of identify {unknown}
 s - 3 scrolls of enchant armour {unknown}
 w - a scroll of fear {unknown}
 x - a scroll of magic mapping {unknown}
Potions
 d - a potion of attraction


   Skills:
 - Level 2.0 Fighting
 + Level 3.7 Maces & Flails
 + Level 3.4 Stealth
 - Level 1.0 Shields
 - Level 2.6 Unarmed Combat
 - Level 1.0 Spellcasting
 - Level 1.2 Invocations


You had 6 spell levels left.
You didn't know any spells.
Your spell library contained the following spells:

 Spells                   Type           Power      Damage    Failure   Level
 Kiss of Death            Conj/Necr      0%         2d5       77%         1
 Ensorcelled Hibernation  Hex/Ice        0%         N/A       88%         2
 Passwall                 Tmut/Erth      0%         N/A       88%         2
 Confusing Touch          Hex            0%         N/A       98%         3
 Dazzling Flash           Conj/Hex       0%         N/A       98%         3
 Hailstorm                Conj/Ice       0%         3d3       98%         3
 Swiftness                Air            0%         N/A       98%         3
 Dispel Undead            Necr           0%         3d6       100%        4
 Ice Form                 Ice/Tmut       0%         N/A       100%        4
 Agony                    Necr           0%         N/A       100%        5
 Silence                  Hex/Air        0%         N/A       100%        5
 Simulacrum               Ice/Necr       0%         N/A       100%        6
 Borgnjor's Revivificati  Necr           0%         N/A       100%        8
 Necromutation            Tmut/Necr      0%         N/A       100%        8
 Death's Door             Necr           0%         N/A       100%        9


Dungeon Overview and Level Annotations

Branches:
Dungeon (3/15)

Altars:
Okawaru


Innate Abilities, Weirdness & Mutations

You regenerate a little health from kills.


Message History

Ye miss tha orc wizard.
Tha orc wizard be lightly wounded.
Tha orc wizard hits ye wit' a +0 dagger.
Ye take 2 damage, an' haf 29/38 hp.
Ye barely miss tha orc wizard.
Tha orc wizard be lightly wounded.
Tha orc wizard casts a spell at ye.
Tha magic dart hits ye!
Tha orc priest invokes tha aid o' Beogh against ye.
Beogh smites ye!
* * * LOW HITPOINT WARNIN'
* * * Ye take 21 damage, an' haf 8/38 hp.
MASSIVE DAMAGE!!
Ye be too injured ta fight recklessly!
Ye be too injured ta fight recklessly!
Okay, than.
It was a potion o' degeneration.
Thar was somethin' very wrong wit tha liquid.
Ye feel weaken'd.
Ye feel dopey.
Ye feel clumsy.
Tha orc wizard hits ye wit' a +0 dagger.
* * * LOW HITPOINT WARNIN'
* * * It was a potion o' curin'.
Ye feel better.
Tha orc wizard barely misses ye.
Ye regain'd 9 hp, an' now haf 17/38 hp.
It was a potion o' cancellation.
Ye feel magic'lly purged.
Tha orc wizard barely misses ye.
Ye ar'n't carryin' any items tha ye can evoke.
Found 5 gold pieces.
Tha orc priest begins ta cast a cantrip, but forgets tha words!
Tha orc wizard gestures at ye while chantin'.
Tha puff o' flame hits ye.
Ye take 3 damage, an' haf 14/38 hp.
Found 2 red potions.
Tha orc priest invokes tha aid o' Beogh against ye.
Beogh smites ye!
* * * LOW HITPOINT WARNIN'
* * * Ye take 13 damage, an' haf 1/38 hp.
MASSIVE DAMAGE!!
Found 6 gold pieces.
Thar be a stone staircase leadin' down 'ere.
Tha orc priest calls down tha wrath o' Beogh upon ye.
Beogh smites ye!
Ye die...

###.###.. ..!.....)#.#.#
..†..#.# #...†..[...# .
###### ####..#
###.#.#!.##..........
...#..# #.#.#..##....[.....
...#..# #..o........#######
_..#..#########......##.###
#.
...#.....................#
...8..
...#.##########.o.......##
⌠8.... '###.# #.@..######
8#### .....# #.......$. #.#
.....# ######.### #.#
###### .# #.# # #.# #.#
##### #.# #...## #######
#>## .....###.....# #...


You could see an orc priest and an orc wizard.

Vanquished Creatures
  An orc priest (D:2)
  2 orc wizards
  An adder (D:2)
  2 worms
  A dart slug (D:1)
  7 orcs
  7 ball pythons
  4 bats
  3 endoplasms (D:1)
  2 giant cockroaches (D:1)
  3 goblins
  8 hobgoblins
  7 quokkas
  4 frilled lizards
  3 kobolds
  6 rats
61 creatures vanquished.

Notes
Turn   | Place    | Note
-------+----------+-------------------------------------------
     0 | D:1      | ProzacElf the Demonspawn Wanderer began the quest for the
                  | Orb.
     0 | D:1      | ProzacElf set off with the following items: a +2 mace, a
                  | potion of lignification, a +0 buckler, a potion of
                  | attraction, a +0 robe.
     0 | D:1      | Reached XP level 1. HP: 16/16 MP: 2/2
   122 | D:1      | Reached skill level 1 in Stealth
   127 | D:1      | Gained mutation: You regenerate a little health from kills.
                  | [demonic ancestry]
   127 | D:1      | Reached XP level 2. HP: 13/22 MP: 3/3
   950 | D:1      | Reached XP level 3. HP: 27/27 MP: 4/4
  1051 | D:2      | Identified the +2 whip "Alodus" {freeze, *Corrode rC+
                  | Int+3}
  1278 | D:2      | Found a faded altar of an unknown god.
  1848 | D:2      | Reached XP level 4. HP: 12/33 MP: 5/5
  2205 | D:3      | Reached XP level 5. HP: 22/38 MP: 6/6
  2304 | D:3      | Found an iron altar of Okawaru.
  2425 | D:3      | HP: 1/38 [orc priest/divine providence (13)]
  2428 | D:3      | Killed from afar by an orc priest

Illustrated notes

Levels and vault maps discovered:
D:1:      lightli_arrival_maybe_door_vault, layout_basic
D:2:      layout_loops_ring, hellmonk_ecumenical_altar_inner_sanctum,
          hangedman_feature_mirror, kennysheep_generic_room_3
D:3:      layout_loops_ring, zin_scriptorium, amcnicky_altar_gilded,
          lemuel_coloured_pillars_altar, chequers_decorated_corner

Skill      XL: |  1  2  3  4 |
---------------+-------------+-----
Maces & Flails | 2 3 |  3.7
Stealth        | 1 2 3 |  3.4
Fighting       | |  2.0
Shields        | |  1.0
Unarmed Combat | |  2.6
Spellcasting   | |  1.0
Invocations    | |  1.2

Action                     |  1- 3 |  4- 6 || total
---------------------------+-------+-------++-------
  Melee: Mace              |   122 |    79 ||   201
         Whip              |    15 |       ||    15
    Use: Potion            |       |     7 ||     7
   Stab: Sleeping          |     6 |     1 ||     7
 Armour: Leather armour    |    13 |       ||    13
         Robe              |     1 |       ||     1
         Ring mail         |    53 |    35 ||    88
         Skin              |       |    35 ||    35
  Dodge: Dodged            |    85 |    41 ||   126
  Block: Buckler           |    32 |    15 ||    47

Action                     |  1- 3 |  4- 6 || total
---------------------------+-------+-------++-------
  Melee: Mace              |   122 |    79 ||   201
         Whip              |    15 |       ||    15
    Use: Potion            |       |     7 ||     7
   Stab: Sleeping          |     6 |     1 ||     7
 Armour: Leather armour    |    13 |       ||    13
         Robe              |     1 |       ||     1
         Ring mail         |    53 |    35 ||    88
         Skin              |       |    35 ||    35
  Dodge: Dodged            |    85 |    41 ||   126
  Block: Buckler           |    32 |    15 ||    47

Levels and vault maps discovered:
D:1:      lightli_arrival_maybe_door_vault, layout_basic
D:2:      layout_loops_ring, hellmonk_ecumenical_altar_inner_sanctum,
          hangedman_feature_mirror, kennysheep_generic_room_3
D:3:      layout_loops_ring, zin_scriptorium, amcnicky_altar_gilded,
          lemuel_coloured_pillars_altar, chequers_decorated_corner
